 Dungeon Crawl Stone Soup version 0.30-a0-862-g1aabd4f9c5 (webtiles) character file.

Game seed: 8891649155277736476

11463 ragingrage the Summoner (level 11, 0/75 HPs)
             Began as a Mummy Summoner on Mar 10, 2023.
             Was a Follower of Ru.
             Slain by a manticore (4 damage)
             ... on level 11 of the Dungeon.
             The game lasted 00:25:36 (13553 turns).

ragingrage the Summoner (Mummy Summoner)           Turns: 13553, Time: 00:25:37

Health: 0/75       AC:  7    Str: 11    XL:     11   Next: 49%
Magic:  15/29      EV: 12    Int: 20    God:    Ru [*.....]
Gold:   224        SH:  5    Dex: 12    Spells: 6/22 levels left

rFire   x . .      SeeInvis .    A - +2 morningstar (pain)
rCold   + + .      Faith    +    (no shield)
rNeg    + + +      Spirit   .    a - +0 troll leather armour
rPois   ∞          Reflect  +    (no helmet)
rElec   .          Rampage  .    h - +1 cloak {Will+}
rCorr   .                        m - +0 pair of gloves
Will    ++...                    (no boots)
Stlth   ++                       j - amulet of reflection
HPRegen 1.12/turn                B - ring of magical power
MPRegen 0.21/turn                c - ring of protection from cold

@: spiked
A: cold resistance 1, negative energy resistance 3, torment resistance 2, heat
vulnerability 1, inability to train armour, in touch with death 1, no potions,
faith
a: Renounce Religion


You were on level 11 of the Dungeon.
You worshipped Ru.
Ru was aware of your devotion.
You visited 2 branches of the dungeon, and saw 12 of its levels.
You also visited: Ossuary.

You collected 428 gold pieces.
You spent 204 gold pieces at shops.

Inventory:

Hand Weapons
 A - a +2 morningstar of pain (weapon)
Missiles
 f - 12 boomerangs
 o - a curare-tipped dart
 s - 3 atropa-tipped darts
 C - 21 poisoned darts
Armour
 a - a +0 troll leather armour (worn)
 d - an orb of light
 h - a +1 cloak of willpower (worn)
 m - a +0 pair of gloves (worn)
Jewellery
 c - a ring of protection from cold (right hand)
 j - an amulet of reflection (around neck)
 B - a ring of magical power (left hand)
Wands
 p - a wand of light (10)
 q - a wand of mindburst (4)
 w - a wand of polymorph (24)
 x - a wand of digging (5)
Scrolls
 b - 3 scrolls of enchant armour
 e - 2 scrolls of fog
 g - 3 scrolls of amnesia
 i - 2 scrolls of poison
 k - 2 scrolls of vulnerability
 l - 5 scrolls of fear
 n - 2 scrolls of teleportation
 r - 3 scrolls of immolation
 t - a scroll of blinking
 u - a scroll of torment
 y - 2 scrolls of magic mapping
 z - a scroll of summoning


   Skills:
 + Level 3.5 Fighting
 + Level 3.6 Dodging
 + Level 3.9 Stealth
 + Level 6.0 Spellcasting
 + Level 3.4 Hexes
 + Level 12.4 Summonings
 - Level 5.0 Air Magic
 + Level 3.0 Evocations


You had 6 spell levels left.
You knew the following spells:

 Your Spells              Type           Power      Damage    Failure   Level
a - Summon Lightning Spi  Summ/Air       40%        N/A       3%          4
b - Summon Guardian Gole  Hex/Summ       37%        N/A       1%          3
c - Call Canine Familiar  Summ           54%        N/A       1%          3
d - Call Imp              Summ           54%        N/A       1%          2
e - Summon Small Mammal   Summ           100%       N/A       1%          1
f - Tukima's Dance        Hex            19%        N/A       10%         3

Your spell library contained the following spells:

 Spells                   Type           Power      Damage    Failure   Level
 Apportation              Tloc           12%        N/A       14%         1
 Sandblast                Erth           12%        2d6       14%         1
 Passwall                 Tmut/Erth      5%         N/A       21%         2
 Stone Arrow              Conj/Erth      12%        3d7       38%         3
 Passage of Golubria      Tloc           6%         N/A       80%         4
 Yara's Violent Unravell  Hex/Tmut       6%         3d5       88%         5
 Alistair's Intoxication  Tmut/Pois      4%         N/A       98%         5


Dungeon Overview and Level Annotations

Branches:
Dungeon (11/15)            Temple (1/1) D:7             Orc (0/2) D:9
Ossuary (visited)
   Lair: D:8-11

Altars:
Cheibriados
Fedhas
Gozag
Hepliaklqana
Kikubaaqudgha
Makhleb
Nemelex Xobeh
Okawaru
Qazlal
Ru
Sif Muna
Trog
Uskayaw
Vehumet
Wu Jian
Xom
Yredelemnul

Shops:
D:4 (   D:5 ?

Annotations:
D:3 2 runed translucent doors
D:4 exclusion: downstairs
D:5 2 transporters, Nabski's ghost, novice TeFE
D:6 Maggie
D:7 exclusion: downstairs
D:10 exclusions: 2 downstairs and sun demon
D:11 Erica


Innate Abilities, Weirdness & Mutations

You are immune to poison.
Your flesh is cold resistant. (rC+)
You are immune to negative energy. (rN+++)
You are immune to unholy pain and torment.
You are vulnerable to heat. (rF-)
You cannot train Armour skill.
You are in touch with the powers of death.
You do not drink.
You have a special connection with the divine. (Faith)


Message History

The manticore claws your wolf!
Your wolf bites the manticore.
The manticore flicks its tail.
The volley of spikes hits your wolf!
Your wolf dies!
Your wolf's corpse disappears in a puff of smoke!
The manticore flicks its tail.
The volley of spikes hits your lightning spire!
Your lightning spire shoots out a bolt of lightning at the manticore!
The bolt of electricity hits the manticore! x2
The manticore bites your lightning spire!
The manticore claws your lightning spire but does no damage.
The manticore claws your lightning spire.
You carefully extract the barbed spikes from your body.
The manticore bites your lightning spire!
Your lightning spire is destroyed!
Your lightning spire disappears in a puff of smoke!
The manticore flicks its tail.
The volley of spikes hits you!
The barbed spikes become lodged in your body.
Casting: Summon Lightning Spire (dangerous; 3% risk of failure)
The manticore flicks its tail.
The volley of spikes hits you!
The barbed spikes become lodged in your body.
The manticore flicks its tail.
The volley of spikes hits you!
The barbed spikes become lodged in your body.
Casting: Summon Lightning Spire (dangerous; 3% risk of failure)
A guardian golem appears, shielding your allies.
Casting: Summon Guardian Golem (safe; 1% risk of failure)
The manticore flicks its tail.
The volley of spikes hits you!!
The barbed spikes become lodged in your body.
* * * LOW HITPOINT WARNING * * *
Okay, then.
You can't drink.
You hit the manticore. The manticore bites you!
* * * LOW HITPOINT WARNING * * *
The manticore closely misses you. The manticore claws you.
You die...

....## ..
..#.........#
....# #. .♣♣
..#...#######
#.... #. ..
..#.......# #..
[♣..##......#
#..♣♣♣...##......#
#........##......#
#...†.8..##)....)#
####'9####.[.....#
#h@H##.<#.#####
###.††.)#..#
###.#.##.#######
#.#..#.......#
#.##.####....#
..##.###.....#
####...#.....# .
###...##### #
#....#


You could see a manticore (ally target), a friendly guardian golem (summoned), a
friendly wolf (summoned, sheltered) and a friendly lightning spire (summoned,
sheltered).

Vanquished Creatures
  A deep elf pyromancer (D:11)
  2 black bears
  A centaur (D:11)
  2 kobold brigands
  A gnoll sergeant (D:7)
  A scorpion (D:7)
  3 howler monkeys
  An iguana (D:7)
  2 adders
  A shadow imp (D:6)
  An ufetubus (D:6)
  An adder zombie (Ossuary)
  2 dart slugs (D:4)
  2 orcs
  4 giant cockroaches
  2 goblins
  A hobgoblin (D:1)
  A jackal (D:2)
  2 ball pythons (D:2)
  A ball python skeleton (Ossuary)
  3 bats (D:1)
  2 kobolds (D:10)
  An orc skeleton (Ossuary)
  An orc zombie (Ossuary)
  A rat (D:2)
40 creatures vanquished.

Vanquished Creatures (collateral kills)
  A rust devil (D:10)
  An ice devil (D:10)
  A red devil (D:10)
  A hellwing (D:10)
  3 trolls
  Grinder (D:6)
  A wyvern (D:9)
  12 yaks
  3 wraiths
  A ynoxinul (D:10)
  2 vampire mosquitoes
  2 neqoxecs (D:10)
  A water moccasin (D:8)
  An orc warrior (D:11)
  An ogre (D:6)
  5 centaurs
  2 scorpions
  A wight (D:7)
  A killer bee (D:11)
  4 howler monkeys
  A quasit (D:10)
  A jelly (D:4)
  A hound (D:4)
  2 orc priests
  4 iguanas
  6 orc wizards
  6 gnolls
  2 adders
  A white imp (D:7)
  An ufetubus (D:5)
  An adder zombie (Ossuary)
  2 worms
  3 dart slugs
  13 orcs
  9 ball pythons
  3 bats
  4 endoplasms
  5 hobgoblins
  5 jackals
  18 kobolds
  A quokka (D:4)
  A ball python skeleton (Ossuary)
  5 goblins
  A hobgoblin zombie (Ossuary)
  An orc skeleton (Ossuary)
  4 rats
146 creatures vanquished.

Vanquished Creatures (others)
  A two-headed ogre (D:10)
  A soul eater (D:10)
  Psyche (D:8)
  A hornet (D:7)
  2 wraiths (Ossuary)
  5 yaks
  A chaos spawn (D:10)
  2 vampire mosquitoes (D:10)
  A black bear (D:8)
  3 orc warriors
  An ice beast (D:7)
  An ogre (D:6)
  A centaur (D:11)
  6 wights
  Crazy Yiuf (D:6)
  An orc (D:6)
  A bush (D:7)
  2 demonic plants (D:10)
  6 fungi (D:7)
  7 plants
45 creatures vanquished.

Grand Total: 231 creatures vanquished

Notes
Turn   | Place    | Note
-------+----------+-------------------------------------------
     0 | D:1      | ragingrage the Mummy Summoner began the quest for the Orb.
     0 | D:1      | Reached XP level 1. HP: 13/13 MP: 4/4
   383 | D:1      | Reached XP level 2. HP: 19/19 MP: 0/5
   398 | D:1      | Learned a level 2 spell: Call Imp
   826 | D:1      | Reached skill level 4 in Summonings
   962 | D:1      | Gained mutation: You are in touch with the powers of death.
                  | [Mummy growth]
   962 | D:1      | Reached XP level 3. HP: 24/24 MP: 4/7
  1049 | D:1      | Learned a level 3 spell: Call Canine Familiar
  2052 | D:3      | Reached XP level 4. HP: 30/30 MP: 8/8
  2163 | D:3      | Found a large runed translucent door.
  2164 | D:3      | Found a large runed translucent door.
  2880 | D:4      | Learned a level 3 spell: Summon Guardian Golem
  2999 | D:4      | Found Soomm's Weapon Shop.
  3298 | D:4      | Found an ornate altar of the Wu Jian Council.
  3384 | D:4      | Reached XP level 5. HP: 35/35 MP: 5/10
  3551 | D:4      | Reached skill level 5 in Summonings
  4027 | D:5      | Entered Level 5 of the Dungeon
  4182 | D:5      | Found Ceracih's Magic Scroll Emporium.
  4187 | D:5      | Bought a scroll of blinking for 90 gold pieces
  4298 | D:5      | Reached XP level 6. HP: 22/41 MP: 6/12
  4377 | D:5      | Found a transporter.
  4380 | D:5      | Noticed Nabski's ghost (novice TeFE)
  4381 | D:5      | Identified the +5 giant club "Warasewel" {flame, rElec}
  4429 | D:5      | Found a transporter.
  4820 | D:5      | Bought a scroll of torment for 114 gold pieces
  4968 | D:5      | Reached skill level 6 in Summonings
  5201 | D:6      | Noticed Grinder
  5221 | D:6      | Killed Grinder
  5222 | D:6      | Reached XP level 7. HP: 23/46 MP: 6/13
  5322 | D:6      | Learned a level 4 spell: Summon Lightning Spire
  5350 | D:6      | Reached skill level 1 in Hexes
  5350 | D:6      | Reached skill level 7 in Summonings
  5411 | D:6      | Found a sand-covered staircase.
  5420 | Ossuary  | Entered an ossuary
  5659 | Ossuary  | Noticed a wraith
  5659 | Ossuary  | Noticed a flying skull
  5666 | Ossuary  | Noticed a flying skull
  5686 | Ossuary  | Noticed a flying skull
  5687 | Ossuary  | Noticed a flying skull
  5695 | Ossuary  | Noticed a wraith
  5742 | Ossuary  | Killed a wraith
  5889 | Ossuary  | Noticed a wraith
  5924 | Ossuary  | Killed a wraith
  5925 | Ossuary  | Reached XP level 8. HP: 52/52 MP: 11/14
  6163 | D:6      | Noticed Maggie
  6339 | D:6      | Reached skill level 8 in Summonings
  6677 | D:6      | Reached skill level 1 in Air Magic
  7144 | D:6      | Found a runed translucent door.
  7145 | D:6      | Noticed Crazy Yiuf
  7439 | D:6      | Killed Crazy Yiuf
  7668 | D:7      | Found a blossoming altar of Fedhas.
  8072 | D:7      | Found a staircase to the Ecumenical Temple.
  8099 | Temple   | Entered the Ecumenical Temple
  8282 | Temple   | Became a worshipper of Ru the Awakened
  8367 | D:7      | Identified the +0 leather armour "Cejop" {rElec Will+ Str+4
                  | Dex-2}
  8412 | D:7      | Noticed a hornet
  8426 | D:7      | Killed a hornet
  8427 | D:7      | Reached skill level 9 in Summonings
  8427 | D:7      | Reached XP level 9. HP: 36/57 MP: 6/15
  8685 | D:7      | Found a snail-covered altar of Cheibriados.
  9217 | D:8      | Reached skill level 5 in Air Magic
  9456 | D:8      | Reached skill level 10 in Summonings
  9480 | D:8      | Noticed Psyche
  9490 | D:8      | Killed Psyche
 10190 | D:9      | Noticed a troll
 10199 | D:9      | Killed a troll
 10200 | D:9      | Reached XP level 10. HP: 49/63 MP: 14/16
 10286 | D:9      | Reached skill level 11 in Summonings
 10543 | D:9      | Found a staircase to the Orcish Mines.
 11303 | D:10     | Entered Level 10 of the Dungeon
 11694 | D:10     | Reached skill level 12 in Summonings
 11812 | D:10     | Noticed a two-headed ogre
 11821 | D:10     | Killed a two-headed ogre
 11822 | D:10     | Reached skill level 1 in Fighting
 11822 | D:10     | Reached skill level 1 in Evocations
 11917 | D:10     | Noticed a soul eater
 11933 | D:10     | Killed a soul eater
 12009 | D:10     | Gained mutation: You cannot train Armour skill. [Ru
                  | sacrifice]
 12009 | D:10     | Reached * piety under Ru
 12079 | D:10     | Noticed a rust devil
 12101 | D:10     | Killed a rust devil
 12249 | D:10     | Reached skill level 5 in Spellcasting
 12249 | D:10     | Reached XP level 11. HP: 72/72 MP: 18/18
 12390 | D:10     | Noticed a sun demon
 12630 | D:11     | Noticed Erica
 12630 | D:11     | Noticed a boulder beetle
 12877 | D:11     | Noticed a deep elf pyromancer
 13075 | D:10     | Learned a level 3 spell: Tukima's Dance
 13242 | D:11     | Killed a deep elf pyromancer
 13553 | D:11     | Slain by a manticore

Illustrated notes

Levels and vault maps discovered:
D:1:      lightli_arrival_flooded_house, layout_basic,
          chequers_serial_rivers_small_3, minmay_ruptured
D:2:      layout_basic, kennysheep_generic_room_10
D:3:      wander_river, layout_rooms, jmf_multi_god_temple2, serial_curves,
          eino_curves_02, eino_curves_01, eino_curves_03,
          kennysheep_generic_room_15
D:4:      layout_basic, mainiacjoe_overflow_surrounded_room, serial_rivers,
          chequers_serial_rivers_room_b, chequers_serial_rivers_marsh,
          chequers_serial_rivers_small_b, chequers_serial_rivers_micro_d,
          chequers_serial_rivers_room_a, chequers_serial_rivers_micro_b,
          serial_shops, nicolae_shop_bloodbath_and_beyond, minivault_24,
          kennysheep_generic_room_3
D:5:      layout_basic, gammafunk_ghost_smash, serial_shops, shop_fountains,
          minmay_misc_feat_rows, nicolae_shop_fire_sale
          [nicolae_sub_dead_trees], kennysheep_generic_room_14
D:6:      layout_layer_cave, grunt_dithmenos_shadows, enter_ossuary_1,
          uniq_maggie, uniq_grinder, uniq_crazy_yiuf_cottage
D:7:      layout_basic, fedhas_altar_3, kennysheep_slug_shrine, temple_pool_b,
          kb_lookout_dungeons_type
D:8:      minmay_curly_fans, layout_loops_ring, uniq_psyche
D:9:      layout_layer_cave, orc_0_dummy
D:10:     layout_stronghold, serial_demonic, serial_demonic_c, serial_demonic_b,
          serial_demonic_e, serial_demonic_a, serial_demonic_f,
          serial_demonic_g, serial_demonic_g, serial_demonic_g,
          serial_demonic_f, serial_demonic_b
D:11:     layout_rooms, lair_entry_dummy, gammafunk_ghost_abyssal_escape,
          serial_shops, kennysheep_little_box, kennysheep_generic_room_7,
          uniq_erica
Temple:   nicolae_temple_slightly_damp_pantheon

Skill      XL: |  1  2  3  4  5  6  7  8  9 10 11 |
---------------+----------------------------------+-----
Summonings     | 4 5 6 7 9 10 12 | 12.4
Stealth        | 2 3 |  3.9
Spellcasting   | 3 4 5 6 |  6.0
Hexes          | 3 |  3.4
Air Magic      | 3 5 |  5.0
Fighting       | 2 3 |  3.5
Dodging        | 2 3 |  3.6
Evocations     | 2 3 |  3.0

Action                     |  1- 3 |  4- 6 |  7- 9 | 10-12 || total
---------------------------+-------+-------+-------+-------++-------
  Melee: Unarmed           |     7 |       |       |       ||     7
         Dagger            |    36 |       |       |       ||    36
         Short sword       |       |    84 |    21 |       ||   105
         War axe           |       |       |    32 |     9 ||    41
         Morningstar       |       |       |       |    16 ||    16
         Punch             |       |       |       |     1 ||     1
   Cast: Summon Small Mamm |    50 |    21 |     1 |       ||    72
         Call Imp          |    22 |    32 |     5 |     1 ||    60
         Call Canine Famil |       |    13 |    40 |    27 ||    80
         Summon Guardian G |       |       |    24 |    31 ||    55
         Summon Lightning  |       |       |     3 |    34 ||    37
 Invoke: Sacrifice Durabil |       |       |       |     1 ||     1
  Evoke: Wand              |       |       |     1 |     2 ||     3
    Use: Scroll            |       |     4 |     6 |     3 ||    13
   Stab: Sleeping          |     1 |     2 |       |       ||     3
         Distracted        |     1 |     1 |       |     1 ||     3
 Armour: Robe              |    12 |     2 |     6 |       ||    20
         Leather armour    |       |       |    13 |       ||    13
         Troll leather arm |       |       |       |    20 ||    20
  Dodge: Dodged            |    44 |    35 |    44 |    32 ||   155
  Block: Other             |     6 |    17 |    10 |    18 ||    51
         Reflection        |       |     1 |     3 |       ||     4
         Orb               |       |       |    13 |     4 ||    17

Table legend: (Time is in decaauts)
 A = Elapsed time spent in this place.
 B = Non-inter-level travel time spent in this place.
 C = Inter-level travel time spent in this place.
 D = Time resting spent in this place.
 E = Time spent auto-exploring this place.
 F = Levels seen in this place.
 G = Mean time per level.
                   A        B        C        D        E       F      G
               +--------+--------+--------+--------+--------+-----+--------+
         Total |  13578 |  13046 |    532 |   3659 |   6468 |  13 | 1044.5 |
       Dungeon |  12757 |  12251 |    506 |   3511 |   6131 |  11 | 1159.7 |
        Temple |    193 |    167 |     26 |      0 |    147 |   1 |  193.0 |
       Ossuary |    627 |    627 |      0 |    148 |    190 |   1 |  627.0 |
               +--------+--------+--------+--------+--------+-----+--------+

Top non-repeatable levels by time:
     D:7: 1982 daAuts
     D:6: 1774 daAuts
    D:10: 1589 daAuts
     D:1: 1342 daAuts
     D:4: 1285 daAuts
     D:9: 1142 daAuts
     D:5: 1073 daAuts
     D:3: 843 daAuts
    D:11: 675 daAuts
     D:2: 655 daAuts
 Ossuary: 627 daAuts
     D:8: 393 daAuts
  Temple: 193 daAuts
